EVO
UNIVERSITY OF SOUTH CAROLINA GAMECOCKS @ VANDERBILT UNIVERSITY COMMODORES
09/25/2048
 
TOP OF THE 1ST
University of South Carolina Gamecocks batting - Pitching for Vanderbilt University Commodores : RHP Gabriel Marsh
Pitching: RHP Gabriel Marsh
Batting: LHB Jörg Young 0-0: Called Strike
0-1: Foul Ball, location: 2F
0-2: Foul Ball, location: 2F
0-2: Ball
1-2: Foul Ball, location: 2F
1-2: Ground out U3 (Groundball, 3, EV 85.6 MPH)
Batting: RHB Brian Passalacqua 0-0: Called Strike
0-1: Ball
1-1: Ball
2-1: Foul Ball, location: 2F
2-2: Ground out 6-3 (Groundball, 56, EV 85.0 MPH)
Batting: SHB Keith Mihas 0-0: Ball
1-0: Ball
2-0: Foul Ball, location: 2F
2-1: SINGLE (Groundball, 34D, EV 99.4 MPH)
Batting: RHB Phil Hanley 0-0: Ball
1-0: Ball
Wild Pitch!
Keith Mihas to second
2-0: SINGLE (Groundball, 56, EV 105.6 MPH)
Keith Mihas to third
Runner from 3rd tries for Home, SAFE, throw by LF to home
Batting: LHB Bert Webster 0-0: Ball
1-0: Ball
2-0: Ball
3-0: Called Strike
3-1: Foul Ball, location: 2F
3-2: Foul Ball, location: 2F
3-2: Foul Ball, location: 2F
3-2: Foul Ball, location: 2F
3-2: DOUBLE (Line Drive, 8RXD, EV 110.6 MPH)
Phil Hanley to third
Phil Hanley scores
Batting: LHB Corey Lomas 0-0: Ball
1-0: Ball
2-0: Ball
3-0: Base on Balls
Batting: RHB Ben Turner 0-0: Called Strike
0-1: Ball
1-1: Foul Ball, location: 2F
1-2: Strikes out swinging
Top of the 1st over - 2 runs, 3 hits, 0 errors, 2 left on base; University of South Carolina 2 - Vanderbilt University 0
BOTTOM OF THE 1ST
Vanderbilt University Commodores batting - Pitching for University of South Carolina Gamecocks : LHP David Saltzman
Pitching: LHP David Saltzman
Batting: SHB D.J. Davis 0-0: SINGLE (Line Drive, 9S, EV 91.9 MPH)
Batting: RHB Eric Hays 0-0: Ball
1-0: Called Strike
1-1: Ball
2-1: DOUBLE (Line Drive, 8RD, EV 105.0 MPH)
D.J. Davis to third
Batting: RHB Jose Ramos 0-0: Called Strike
0-1: Called Strike
0-2: Fly out, F8 (Flyball, 8RD, EV 101.2 MPH)
Runner from 3rd tags up, SCORES, throw by CF
Eric Hays to third
Batting: LHB Josh Jett 0-0: Fly out, F5 (Popup, 5F, EV 81.9 MPH)
Batting: SHB Paul Dupuis 0-0: Ball
1-0: Ball
2-0: Called Strike
2-1: Swinging Strike
2-2: Hit by Pitch
Batting: RHB Paul Johnson 0-0: Called Strike
0-1: Ball
1-1: Called Strike
1-2: Fly out, F8 (Flyball, 8LD, EV 93.8 MPH)
Bottom of the 1st over - 1 run, 2 hits, 0 errors, 2 left on base; University of South Carolina 2 - Vanderbilt University 1
TOP OF THE 2ND
University of South Carolina Gamecocks batting - Pitching for Vanderbilt University Commodores : RHP Gabriel Marsh
Batting: LHB David Saltzman 0-0: Swinging Strike
0-1: Ground out 1-3 (Groundball, 13, EV 76.2 MPH)
Batting: RHB Keith Lynch 0-0: Ball
1-0: Foul Ball, location: 2F
1-1: Ball
2-1: Ground out 6-3 (Groundball, 6, EV 98.1 MPH)
Batting: LHB Jörg Young 0-0: Ball
1-0: Foul Ball, location: 2F
1-1: Fly out, F3 (Popup, 23F, EV 88.1 MPH)
Top of the 2nd over - 0 runs, 0 hits, 0 errors, 0 left on base; University of South Carolina 2 - Vanderbilt University 1
BOTTOM OF THE 2ND
Vanderbilt University Commodores batting - Pitching for University of South Carolina Gamecocks : LHP David Saltzman
Batting: RHB Pakiana Kileona 0-0: SINGLE (Groundball, 6MD, EV 95.0 MPH)
Batting: RHB Brad Nathan 0-0: Swinging Strike
0-1: Fly out, F9 (Line Drive, 9, EV 87.5 MPH)
Batting: SHB Adam Hoffman Pickoff Throw to First - Out! 1-3 CS
0-0: Ball
1-0: Called Strike
1-1: Ground out 4-3 (Groundball, 4, EV 97.5 MPH)
Bottom of the 2nd over - 0 runs, 1 hit, 0 errors, 0 left on base; University of South Carolina 2 - Vanderbilt University 1
TOP OF THE 3RD
University of South Carolina Gamecocks batting - Pitching for Vanderbilt University Commodores : RHP Gabriel Marsh
Batting: RHB Brian Passalacqua 0-0: Called Strike
0-1: Ball
1-1: Swinging Strike
1-2: Fly out, F8 (Line Drive, 78M, EV 106.2 MPH)
Batting: SHB Keith Mihas 0-0: Swinging Strike
0-1: Foul Ball, location: 2F
0-2: Foul Ball, location: 2F
0-2: Strikes out swinging
Batting: RHB Phil Hanley 0-0: Foul Ball, location: 2F
0-1: Ball
1-1: Ball
2-1: Ball
3-1: Foul Ball, location: 2F
3-2: Base on Balls
Batting: LHB Bert Webster 0-0: Ball
1-0: Fly out, F7 (Flyball, 7, EV 95.0 MPH)
Top of the 3rd over - 0 runs, 0 hits, 0 errors, 1 left on base; University of South Carolina 2 - Vanderbilt University 1
BOTTOM OF THE 3RD
Vanderbilt University Commodores batting - Pitching for University of South Carolina Gamecocks : LHP David Saltzman
Batting: SHB D.J. Davis 0-0: Called Strike
0-1: Ball
1-1: Ball
2-1: Ball
3-1: Base on Balls
Batting: RHB Eric Hays 0-0: Fielders Choice at 2nd, 4-6 (Groundball, 4, EV 93.1 MPH)
Batting: RHB Jose Ramos 0-0: Ball
1-0: Called Strike
1-1: Ball
2-1: Fly out, F9 (Flyball, 9S, EV 84.4 MPH)
Batting: LHB Josh Jett 0-0: Called Strike
0-1: DOUBLE (Line Drive, 9LM, EV 96.2 MPH)
Eric Hays to third
Runner from 3rd tries for Home, SAFE, throw by RF to home
Batting: SHB Paul Dupuis 0-0: Ball
1-0: Reached on error, E4 (Groundball, 34, EV 110.0 MPH)
Josh Jett to third
Batting: RHB Paul Johnson 0-0: Foul Ball, location: 2F
0-1: Ground out 1-3 (Groundball, 34S, EV 65.0 MPH)
Bottom of the 3rd over - 1 run, 1 hit, 1 error, 2 left on base; University of South Carolina 2 - Vanderbilt University 2
TOP OF THE 4TH
University of South Carolina Gamecocks batting - Pitching for Vanderbilt University Commodores : RHP Gabriel Marsh
Batting: LHB Corey Lomas 0-0: Ball
1-0: Foul Ball, location: 2F
1-1: Ground out 6-3 (Groundball, 6, EV 82.5 MPH)
Batting: RHB Ben Turner 0-0: Ball
1-0: Called Strike
1-1: Foul Ball, location: 2F
1-2: Ball
2-2: DOUBLE (Line Drive, 89D, EV 106.9 MPH)
Batting: LHB David Saltzman 0-0: Ball
1-0: Ground out 5-3 (Groundball, 5S, EV 84.4 MPH)
Batting: RHB Keith Lynch 0-0: Ball
1-0: Foul Ball, location: 2F
1-1: Ball
2-1: SINGLE (Groundball, 6M, EV 106.2 MPH)
Ben Turner to third
Runner from 3rd tries for Home, SAFE, throw by CF to home
Batting: LHB Jörg Young 0-0: Fly out, F9 (Flyball, 89M, EV 91.9 MPH)
Top of the 4th over - 1 run, 2 hits, 0 errors, 1 left on base; University of South Carolina 3 - Vanderbilt University 2
BOTTOM OF THE 4TH
Vanderbilt University Commodores batting - Pitching for University of South Carolina Gamecocks : LHP David Saltzman
Batting: RHB Pakiana Kileona 0-0: Called Strike
0-1: Ball
1-1: Fly out, F8 (Flyball, 8LM, EV 93.8 MPH)
Batting: RHB Brad Nathan 0-0: Swinging Strike
0-1: Ball
1-1: Swinging Strike
1-2: Strikes out swinging
Batting: SHB Adam Hoffman 0-0: Called Strike
0-1: Ground out 3-1 (Groundball, 34S, EV 83.1 MPH)
Bottom of the 4th over - 0 runs, 0 hits, 0 errors, 0 left on base; University of South Carolina 3 - Vanderbilt University 2
TOP OF THE 5TH
University of South Carolina Gamecocks batting - Pitching for Vanderbilt University Commodores : RHP Gabriel Marsh
Batting: RHB Brian Passalacqua 0-0: Called Strike
0-1: Ball
1-1: Foul Ball, location: 2F
1-2: Strikes out swinging
Batting: SHB Keith Mihas 0-0: Ball
1-0: Swinging Strike
1-1: Ball
2-1: Ball
3-1: SINGLE (Groundball, 34D, EV 106.2 MPH)
Batting: RHB Phil Hanley 0-0: Reached on error, E8 (Flyball, 8LD, EV 91.2 MPH)
Keith Mihas to third
Pitching: RHP Alex de la Cruz
Batting: LHB Bert Webster 0-0: Foul Ball, location: 2F
0-1: Called Strike
0-2: Ground out 4-3 (Groundball, 4M, EV 83.1 MPH)
Keith Mihas scores
Phil Hanley to third
Batting: LHB Corey Lomas 0-0: Swinging Strike
0-1: Ball
1-1: Ground out 4-3 (Groundball, 4, EV 86.2 MPH)
Top of the 5th over - 1 run, 1 hit, 1 error, 1 left on base; University of South Carolina 4 - Vanderbilt University 2
BOTTOM OF THE 5TH
Vanderbilt University Commodores batting - Pitching for University of South Carolina Gamecocks : LHP David Saltzman
Batting: SHB D.J. Davis 0-0: SINGLE (Popup, 6MD, EV 42.5 MPH)
Batting: RHB Eric Hays 0-0: Sac Bunt to 3S - play at first, batter safe!
D.J. Davis to second
Batting: RHB Jose Ramos 0-0: Called Strike
0-1: Ball
1-1: Swinging Strike
1-2: Grounds into double play, 6-4-3 (Groundball, 6, EV 79.4 MPH)
D.J. Davis to third
Batting: LHB Josh Jett 0-0: SINGLE (Line Drive, 8RS, EV 103.1 MPH)
D.J. Davis scores
Batting: SHB Paul Dupuis 0-0: Ball
1-0: Ball
2-0: Called Strike
2-1: SINGLE (Groundball, 15S, EV 73.8 MPH) (infield hit)
Josh Jett to second
Batting: RHB Paul Johnson 0-0: Ball
1-0: Ground out 1-3 (Groundball, 13S, EV 68.8 MPH)
Bottom of the 5th over - 1 run, 4 hits, 0 errors, 2 left on base; University of South Carolina 4 - Vanderbilt University 3
TOP OF THE 6TH
University of South Carolina Gamecocks batting - Pitching for Vanderbilt University Commodores : RHP Alex de la Cruz
Batting: RHB Ben Turner 0-0: Ball
1-0: Swinging Strike
1-1: Ball
2-1: Swinging Strike
2-2: Foul Ball, location: 2F
2-2: Strikes out swinging
Batting: LHB David Saltzman 0-0: Ball
1-0: Called Strike
1-1: Foul Ball, location: 2F
1-2: Ball
2-2: Ground out 5-3 (Groundball, 56, EV 103.8 MPH)
Pitching: LHP Kyle McGuire
Batting: RHB Keith Lynch 0-0: Ball
1-0: Hit by Pitch
Batting: LHB Jörg Young 0-0: Called Strike
Keith Lynch steals 2nd base
0-1: Foul Ball, location: 2F
0-2: Ball
1-2: Ball
2-2: Strikes out looking
Top of the 6th over - 0 runs, 0 hits, 0 errors, 1 left on base; University of South Carolina 4 - Vanderbilt University 3
BOTTOM OF THE 6TH
Vanderbilt University Commodores batting - Pitching for University of South Carolina Gamecocks : LHP David Saltzman
Batting: RHB Pakiana Kileona 0-0: Foul Ball, location: 2F
0-1: Fly out, F8 (Line Drive, 8RM, EV 95.6 MPH)
Batting: RHB Brad Nathan 0-0: Called Strike
0-1: Called Strike
0-2: Foul Ball, location: 2F
0-2: Ball
1-2: Ball
2-2: Foul Ball, location: 2F
2-2: Strikes out looking
Batting: SHB Adam Hoffman 0-0: Called Strike
0-1: Reaches on Catchers interference
Batting: SHB D.J. Davis 0-0: Called Strike
0-1: Swinging Strike
0-2: Ball
1-2: Ball
2-2: Ball
3-2: Foul Ball, location: 2F
3-2: Base on Balls
Adam Hoffman to second
Pitching: RHP Trent Lipinski
Batting: RHB Eric Hays 0-0: Called Strike
0-1: Ball
1-1: Swinging Strike
1-2: Strikes out swinging
Bottom of the 6th over - 0 runs, 0 hits, 1 error, 2 left on base; University of South Carolina 4 - Vanderbilt University 3
TOP OF THE 7TH
University of South Carolina Gamecocks batting - Pitching for Vanderbilt University Commodores : LHP Kyle McGuire
Batting: RHB Brian Passalacqua 0-0: Called Strike
0-1: Called Strike
0-2: Ground out U3 (Groundball, 34, EV 84.4 MPH)
Batting: SHB Keith Mihas 0-0: Ball
1-0: Ball
2-0: Reached on error, E6 (Groundball, 56, EV 91.9 MPH)
Batting: RHB Phil Hanley 0-0: Called Strike
0-1: Foul Ball, location: 2F
0-2: Strikes out swinging
Batting: LHB Bert Webster 0-0: Foul Ball, location: 2F
0-1: SINGLE (Groundball, 4MD, EV 110.6 MPH)
Keith Mihas to second
Batting: LHB Corey Lomas 0-0: Called Strike
0-1: Called Strike
0-2: Ball
1-2: Ball
2-2: Ball
3-2: Base on Balls
Keith Mihas to third
Bert Webster to second
Pitching: RHP Alex Guzman
Batting: RHB Ben Turner 0-0: Ball
1-0: Foul Ball, location: 2F
1-1: Fly out, F6 (Line Drive, 6M, EV 73.8 MPH)
Top of the 7th over - 0 runs, 1 hit, 1 error, 3 left on base; University of South Carolina 4 - Vanderbilt University 3
BOTTOM OF THE 7TH
Vanderbilt University Commodores batting - Pitching for University of South Carolina Gamecocks : RHP Trent Lipinski
Batting: RHB Jose Ramos 0-0: Ball
1-0: Swinging Strike
1-1: Ball
2-1: Ball
3-1: Called Strike
3-2: Fly out, F8 (Flyball, 89D, EV 106.9 MPH)
Batting: LHB Josh Jett 0-0: Called Strike
0-1: Foul Ball, location: 2F
0-2: Ball
1-2: Ball
2-2: Ground out 1-3 (Groundball, 13S, EV 72.5 MPH)
Batting: SHB Paul Dupuis 0-0: Fly out, F8 (Flyball, 8LD, EV 101.2 MPH)
Bottom of the 7th over - 0 runs, 0 hits, 0 errors, 0 left on base; University of South Carolina 4 - Vanderbilt University 3
TOP OF THE 8TH
University of South Carolina Gamecocks batting - Pitching for Vanderbilt University Commodores : RHP Alex Guzman
Batting: LHB David Saltzman 0-0: Ball
1-0: Fly out, F6 (Line Drive, 6, EV 73.1 MPH)
Batting: RHB Keith Lynch 0-0: Ball
1-0: Swinging Strike
1-1: Ball
2-1: Swinging Strike
2-2: Ball
3-2: Foul Ball, location: 2F
3-2: Ground out 5-3 (Groundball, 5, EV 103.8 MPH)
Batting: LHB Jörg Young 0-0: Ball
1-0: Swinging Strike
1-1: Ball
2-1: Swinging Strike
2-2: Foul Ball, location: 2F
2-2: Foul Ball, location: 2F
2-2: Strikes out looking
Top of the 8th over - 0 runs, 0 hits, 0 errors, 0 left on base; University of South Carolina 4 - Vanderbilt University 3
BOTTOM OF THE 8TH
Vanderbilt University Commodores batting - Pitching for University of South Carolina Gamecocks : RHP Trent Lipinski
Pitching: RHP Bob Conway
Batting: RHB Paul Johnson 0-0: Ball
1-0: Foul Ball, location: 2F
1-1: Foul Ball, location: 2F
1-2: Foul Ball, location: 2F
1-2: Ball
2-2: Ball
3-2: SINGLE (Groundball, 6S, EV 70.0 MPH) (infield hit)
Batting: RHB Pakiana Kileona 0-0: Foul Ball, location: 2F
0-1: Swinging Strike
0-2: Strikes out swinging
Batting: RHB Brad Nathan 0-0: Sac Bunt to P - play at first, batter OUT! 1-4
Paul Johnson to second
Batting: SHB Adam Hoffman 0-0: Ball
1-0: Called Strike
1-1: Ground out 6-3 (Groundball, 6, EV 85.0 MPH)
Bottom of the 8th over - 0 runs, 1 hit, 0 errors, 1 left on base; University of South Carolina 4 - Vanderbilt University 3
TOP OF THE 9TH
University of South Carolina Gamecocks batting - Pitching for Vanderbilt University Commodores : RHP Alex Guzman
Pitching: RHP Mamadou Morand
Batting: RHB Brian Passalacqua 0-0: Ball
1-0: Foul Ball, location: 2F
1-1: Foul Ball, location: 2F
1-2: Strikes out swinging
Batting: SHB Keith Mihas 0-0: Ball
1-0: Ball
2-0: Ball
3-0: Base on Balls
Batting: RHB Phil Hanley 0-0: Ball
1-0: Ball
2-0: Swinging Strike
2-1: SINGLE (Line Drive, 6D, EV 96.2 MPH)
Keith Mihas to second
Batting: LHB Bert Webster 0-0: Called Strike
0-1: Foul Ball, location: 2F
0-2: Strikes out swinging
Batting: LHB Corey Lomas 0-0: Called Strike
0-1: Swinging Strike
0-2: Strikes out swinging
Top of the 9th over - 0 runs, 1 hit, 0 errors, 2 left on base; University of South Carolina 4 - Vanderbilt University 3
BOTTOM OF THE 9TH
Vanderbilt University Commodores batting - Pitching for University of South Carolina Gamecocks : RHP Bob Conway
Pitching: RHP Nelson Knopp
Batting: SHB D.J. Davis 0-0: Called Strike
0-1: Ball
1-1: Fly out, F9 (Flyball, 9LSF, EV 91.9 MPH)
Batting: RHB Eric Hays 0-0: Swinging Strike
0-1: Ball
1-1: Called Strike
1-2: Foul Ball, location: 2F
1-2: SINGLE (Line Drive, 78S, EV 99.4 MPH)
Batting: RHB Jose Ramos 0-0: Ball
1-0: Swinging Strike
1-1: Fly out, F8 (Flyball, 78XD, EV 83.8 MPH)
Runner from 1st tags up, SAFE at 2nd
Batting: LHB Josh Jett 0-0: Called Strike
0-1: Ball
1-1: Ground out 6-3 (Groundball, P, EV 86.2 MPH)
Bottom of the 9th over - 0 runs, 1 hit, 0 errors, 1 left on base; University of South Carolina 4 - Vanderbilt University 3
Tuesday, March 28th , 2023 - OOTP Baseball 23.10 Build 110